AoeStats
← ♕ ToM ♡

Arabia

503429372Analyzed
1v1 RM · 1mo ago on Aug 31, 2026· 53m 57s· 2 players
Game mode
Random Map
Map size
Tiny (2 player)
Population
200
Speed
Normal
Resources
Standard
Victory
Conquest
Starting age
Dark Age
Ending age
Imperial Age
RankedLock teamsTeams togetherTeam positionsShared explorationLock speedFull tech treeHidden civsTurbo modeCheats
Victory
Defeat
🇸🇰 Wei · Slovakia
706
+16
🇬🇧 Japanese · United Kingdom
711
-16
♕ ToM ♡
6:51 Loom
10:48 Feudal Age
11:47 Double-Bit Axe
11:45 Horse Collar
19:13 Castle Age
18:50 Forging
18:47 Scale Barding Armor
21:45 Husbandry
24:06 Bow Saw
24:20 Heavy Plow
26:15 Iron Casting
28:09 Bloodlines
28:46 Wheelbarrow
27:59 Town Watch
28:40 Chain Barding Armor
29:53 Hand Cart
32:26 Gold Mining
35:22 Fletching
37:27 Tuntian
40:16 Imperial Age
39:46 Town Patrol
40:25 Gold Shaft Mining
39:43 Stone Mining
40:03 Bodkin Arrow
41:32 Heavy Hei Guang Cavalry
42:44 Ming Guang Armor
43:51 Chemistry
43:12 Ballistics
44:18 Blast Furnace
43:19 Bracer
45:57 Padded Archer Armor
47:03 Onager
47:43 Murder Holes
48:00 Masonry
47:30 Treadmill Crane
52:19 Conscription
52:42 Stone Shaft Mining
52:20 Fortified Wall
52:19 Scale Mail Armor
52:34 Leather Archer Armor
MoodUK7432
8:04 Loom
11:40 Feudal Age
14:23 Double-Bit Axe
15:14 Forging
17:48 Horse Collar
18:52 Scale Mail Armor
23:45 Castle Age
22:28 Fletching
23:22 Gold Mining
24:08 Stone Mining
25:04 Bodkin Arrow
26:50 Squires
26:13 Pikeman
28:22 Bow Saw
30:14 Fortified Wall
30:00 Murder Holes
29:47 Treadmill Crane
29:57 Elite Skirmisher
30:54 Guard Tower
32:29 Ballistics
33:06 Iron Casting
32:47 Chain Mail Armor
35:03 Padded Archer Armor
39:48 Heavy Plow
42:22 Imperial Age
40:33 Wheelbarrow
41:10 Yasama
43:19 Hand Cart
44:20 Two-Man Saw
44:09 Bracer
46:27 Heavy Scorpion
47:31 Halberdier
52:10 Blast Furnace
Connection lost

Rejoining the realm…

Still unreachable

The connection could not be restored.

Session expired

The server has moved on; the page needs a fresh start.